 Dungeon Crawl Stone Soup version 0.20.1-1-g8b1a95d66d (webtiles) character file.

79 Jynx the Changer (level 4, -3/32 HPs)
             Began as a Merfolk Transmuter on Dec 30, 2017.
             Slain by a gnoll (4 damage)
             ... on level 2 of the Dungeon.
             The game lasted 00:02:53 (2131 turns).

Jynx the Changer (Merfolk Transmuter)               Turns: 2131, Time: 00:02:54

Health: -3/32      AC:  3    Str: 10    XL:     4   Next: 38%
Magic:  6/8        EV: 13    Int: 12    God:
Gold:   97         SH:  0    Dex: 15    Spells: 5/8 levels left

rFire    . . .     SeeInvis .     - Unarmed
rCold    . . .     Gourm    .   (no shield)
rNeg     . . .     Faith    .   b - +0 robe
rPois    .         Spirit   .   (no helmet)
rElec    .         Reflect  .   (no cloak)
rCorr    .         Harm     .   (no gloves)
MR       .....                  i - +0 pair of boots
Stlth    +.........             (no amulet)
Regen    0.1/turn               (no ring)
MPRegen  0.2/turn               (no ring)

@: appendage, very slightly contaminated
A: change form in water, swift swim, stealthy swim, horns 2
a: End Transformation


You were on level 2 of the Dungeon.
You were hungry.
You had grown temporary horns.
You visited 1 branch of the dungeon, and saw 2 of its levels.

You collected 97 gold pieces.

Inventory:

Missiles
 a - 36 arrows
Armour
 b - a +0 robe (worn)
 i - a +0 pair of boots (worn)
Scrolls
 j - 2 scrolls of enchant weapon {unknown}
 l - a scroll of magic mapping {unknown}
 m - a scroll of fear {unknown}
Potions
 e - a potion of berserk rage {unknown}
 f - a potion of mutation {unknown}
 h - a potion of flight
Books
 c - a book of Changes

   Spells                             Type                      Level
   a - Beastly Appendage              Transmutation                1
   b - Sticks to Snakes               Transmutation                2
   c - Spider Form                    Transmutation/Poison         3
   d - Ice Form                       Ice/Transmutation            4
   e - Blade Hands                    Transmutation                5
Comestibles
 d - 3 bread rations
 g - 5 fruits
 k - a meat ration


   Skills:
 - Level 1.2 Fighting
 - Level 2.6 Dodging
 - Level 3.2 Unarmed Combat
 + Level 2.9 Spellcasting
 * Level 5.0 Transmutations


You had 5 spell levels left.
You knew the following spells:

 Your Spells              Type           Power        Failure   Level  Hunger
a - Beastly Appendage     Tmut           ##....       3%          1    #......
b - Sticks to Snakes      Tmut           ##......     4%          2    ###....


Dungeon Overview and Level Annotations

Branches:
Dungeon (2/15)

Altars:
Kikubaaqudgha
Okawaru
Yredelemnul

Annotations:
D:2 1 transporter, Menkaure


Innate Abilities, Weirdness & Mutations

You revert to your normal form in water.
You are very nimble and swift while swimming.
You are very stealthy in the water. (Stealth+)
You have a pair of horns on your head.


Message History

Your Transmutations skill increases to level 5!
Your horns disappear.
Found an iron altar of Okawaru.
There is an open door here.
Things that are here:
8 stones; a goblin corpse The gnoll hits you.
* * * LOW HITPOINT WARNING * * *
Casting: Beastly Appendage
Confirm with . or Enter, or press ? or * to list all spells.
You grow a pair of large bovine horns.
The gnoll closely misses you. The gnoll hits you.
* * * LOW HITPOINT WARNING * * *
You barely miss the gnoll. The gnoll hits you!
* * * LOW HITPOINT WARNING * * *
You hit the gnoll.
You headbutt the gnoll, but do no damage.
The gnoll is moderately wounded.
The gnoll hits you.
You die...

.......# #.# #.........####.#####
#####..###.###.#..#.##...........
#####.......................#####
............##.#..#.##..###......
..........>.##.#...............##
####.#.#.##.##(########.....##.##
## #.#.#.##.##(##.#.#.#.###.##.##
.###.#.#.##.##(#≈≈≈≈≈≈#####.##.##
.......#......((@g...._#.........
.###.###.....(.#≈≈≈≈≈≈#####.##.##
..##.# #..#.####.#.#.##.###.##.#
#.##.# #..#.###########........#
#.##.###..#....................#
#..#.#..........#.#.####.##.####
##.#.#.#..#.###.#.#.# #.####
##.#.#.#..#.###.#.#.####.##
..........................#


You could see a gnoll.

Vanquished Creatures
  2 gnolls (D:2)
  An adder (D:2)
  An ooze (D:2)
  2 dart slugs
  A leopard gecko (D:1)
  An orc (D:2)
  3 bats
  4 giant cockroaches
  4 goblins
  6 hobgoblins
  2 frilled lizards
  7 kobolds
  4 rats
38 creatures vanquished.

Vanquished Creatures (collateral kills)
  A worm (D:2)
1 creature vanquished.

Grand Total: 39 creatures vanquished

Notes
Turn   | Place    | Note
-------+----------+-------------------------------------------
     0 | D:1      | Jynx the Merfolk Transmuter began the quest for the Orb.
     0 | D:1      | Reached XP level 1. HP: 15/15 MP: 3/3
    43 | D:1      | Reached skill level 3 in Transmutations
   409 | D:1      | Reached XP level 2. HP: 20/21 MP: 3/5
  1094 | D:1      | Learned a level 2 spell: Sticks to Snakes
  1187 | D:2      | Reached XP level 3. HP: 21/26 MP: 4/6
  1218 | D:2      | Reached skill level 4 in Transmutations
  1865 | D:2      | Found a basalt altar of Yredelemnul.
  1865 | D:2      | Found an ancient bone altar of Kikubaaqudgha.
  1866 | D:2      | Noticed Menkaure
  1868 | D:2      | Noticed a phantom
  2007 | D:2      | Found a transporter.
  2105 | D:2      | Reached XP level 4. HP: 21/32 MP: 6/8
  2125 | D:2      | Reached skill level 5 in Transmutations
  2126 | D:2      | Found an iron altar of Okawaru.
  2130 | D:2      | HP: 1/32 [gnoll (8)]
  2131 | D:2      | Slain by a gnoll

Skill      XL: |  1  2  3  4 |
---------------+-------------+-----
Transmutations | 3 4 5 |  5.0
Fighting       | |  1.2
Dodging        | |  2.6
Unarmed Combat | |  3.2
Spellcasting   | |  2.9

Action                   |  1- 3 |  4- 6 || total
-------------------------+-------+-------++-------
Melee: Unarmed           |   122 |    13 ||   135
       Headbutt          |    14 |     3 ||    17
 Cast: Beastly Appendage |    26 |     2 ||    28
       Sticks to Snakes  |     2 |       ||     2
  Use: Scroll            |     2 |       ||     2
  Eat: Chunk             |     4 |       ||     4
Armor: Robe              |    17 |     2 ||    19
Dodge: Dodged            |    83 |    15 ||    98
